 Dungeon Crawl Stone Soup version 0.31.0-11-ge490571c62 (webtiles) character file.

Game seed: 9861970451378602038

252 Arctor the Magician (level 5, 0/42 HPs)
             Began as a Deep Elf Fire Elementalist on Feb 8, 2024.
             Succumbed to a hornet's poison
             ... on level 5 of the Dungeon.
             The game lasted 00:04:29 (6166 turns).

Arctor the Magician (Deep Elf Fire Elementalist)    Turns: 6166, Time: 00:04:29

Health: 0/42       AC: 22    Str:  5    XL:     5   Next: 89%
Magic:  1/13       EV:  2    Int: 22    God:
Gold:   90         SH:  0    Dex: 15    Spells: 9/12 levels left

rFire   . . .        (no weapon)
rCold   . . .        (no shield)
rNeg    . . .        u - melded +0 robe {rC+}
rPois   +            f - melded +0 helmet
rElec   .            (cloak currently unavailable)
rCorr   +            (gloves currently unavailable)
SInv    .            (boots currently unavailable)
Will    .....        s - amulet of regeneration
Stlth   +++          q - ring of resist corrosion
HPRegen 1.07/turn    (no ring)
MPRegen 0.13/turn

%: no passive effects
@: lethally poisoned (0 -> -6), tree-form
A: stationary, stasis, torment immunity, boosted hp
a: no special abilities


You were on level 5 of the Dungeon.
You were a tree.
You visited 1 branch of the dungeon, and saw 5 of its levels.

You collected 167 gold pieces.
You spent 77 gold pieces at shops.

Inventory:

Missiles
 v - 4 boomerangs
 w - 2 atropa-tipped darts
Armour
 a - a +0 robe
 f - a +0 helmet (melded)
 u - a +0 robe of cold resistance (melded)
Jewellery
 h - an amulet of faith
 q - a ring of resist corrosion (left branch)
 s - an amulet of regeneration (around neck)
Wands
 x - a wand of quicksilver (6)
Scrolls
 c - a scroll of enchant weapon {unknown}
 d - 2 scrolls of poison
 i - 2 scrolls of revelation {unknown}
 j - a scroll of enchant armour {unknown}
 k - 2 scrolls of identify {unknown}
 l - 2 scrolls of amnesia {unknown}
 n - a scroll of teleportation {unknown}
 t - a scroll of fear {unknown}
Potions
 b - a potion of magic
 g - 4 potions of curing {unknown}
 m - a potion of ambrosia {unknown}
 o - a potion of heal wounds {unknown}
 p - a potion of haste {unknown}
 r - a potion of mutation {unknown}


   Skills:
 + Level 4.0 Dodging
 + Level 4.2 Stealth
 + Level 4.4 Spellcasting
 + Level 3.0 Conjurations
 + Level 4.3 Fire Magic


You had 9 spell levels left.
You knew the following spells:

 Your Spells              Type           Power      Damage    Failure   Level
a - Foxfire               Conj/Fire      84%        2x1d8     2%          1
b - Scorch                Fire           48%        2d7       2%          2

Your spell library contained the following spells:

 Spells                   Type           Power      Damage    Failure   Level
 Inner Flame              Hex/Fire       14%        N/A       13%         3
 Volatile Blastmotes      Fire/Tloc      28%        2d12      13%         3
 Lesser Beckoning         Tloc           8%         N/A       16%         2
 Flame Wave               Conj/Fire      21%        2d8       24%         4
 Gell's Gravitas          Tloc           4%         N/A       32%         3
 Teleport Other           Tloc           4%         N/A       32%         3


Dungeon Overview and Level Annotations

Branches:
Dungeon (5/15)
 Temple: D:4-7

Altars:
Fedhas

Shops:
D:2 *


Message History

You feel yourself speed up.
You feel very sick.
The hornet is no longer more vulnerable to fire.
The foxfire hits the hornet.
The hornet is severely wounded.
The foxfire hits the hornet.
The hornet is severely wounded.
The hornet misses you.
The hornet stings you but does no damage.
Casting: Foxfire (safe; 2% risk of failure)
Confirm with . or Enter, or press ? or * to list all spells.
Flames lash the hornet.
The hornet is almost dead.
The hornet's fire resistance burns away.
You feel sick.
The foxfire hits the hornet but does no damage.
The hornet is almost dead.
The foxfire hits the hornet but does no damage.
The hornet is almost dead.
The hornet stings you!
* * * LOW HITPOINT WARNING * * *
You feel yourself slow down.
Casting: Scorch (safe; 2% risk of failure)
Confirm with . or Enter, or press ? or * to list all spells.
You don't have enough magic to cast this spell.
Okay, then.
Casting: Scorch (safe; 2% risk of failure)
Confirm with . or Enter, or press ? or * to list all spells.
You conjure some foxfire!
You feel sick. The hornet misses you. The hornet stings you.
* * * LOW HITPOINT WARNING * * *
You are lethally poisoned!
You feel as though you will be slow longer.
Your magical contamination has completely faded away.
It was a potion of lignification.
You turn into a tree.
Your +0 helmet melds into your body.
Your +0 robe of cold resistance melds into your body.
You feel less resistant to cold.
Your roots penetrate the ground.
You feel yourself speed up.
You die...

...# # # #...##### ...
...# .# #.
#...#...#.... #†###.#
#.###.#.....# ##...##
##...###...## #.....#
#.....#.###.#
.#...#...# ..#...#...#
.# .##### ..# .
#####...# #
.#...#...#...#.v.#...#
#.....# #...♣v#.##
##...## . ##..y###..
..#### ......###. ....
#...###...... ..
...... #...........
......... #..........
......... #..####....
......... #..# ##.
...... #..#


You could see a hornet (combustible, ally target).

Vanquished Creatures
  A jelly (D:5)
  A hound (D:4)
  2 orc wizards (D:5)
  5 adders
  3 ribbon worms
  3 dart slugs
  4 orcs
  3 bats
  6 endoplasms
  A giant cockroach (D:1)
  11 goblins
  11 hobgoblins
  4 jackals
  7 kobolds
  2 quokkas
  6 ball pythons
  2 frilled lizards
  4 rats
76 creatures vanquished.

Vanquished Creatures (collateral kills)
  3 foxfires (D:4)
3 creatures vanquished.

Vanquished Creatures (others)
  490 foxfires
490 creatures vanquished.

Grand Total: 569 creatures vanquished

Notes
Turn   | Place    | Note
-------+----------+-------------------------------------------
     0 | D:1      | Arctor the Deep Elf Fire Elementalist began the quest for
                  | the Orb.
     0 | D:1      | Reached XP level 1. HP: 10/10 MP: 6/6
   310 | D:1      | Reached XP level 2. HP: 15/15 MP: 2/8
  1827 | D:2      | Reached XP level 3. HP: 19/19 MP: 6/9
  2540 | D:2      | Learned a level 2 spell: Scorch
  2949 | D:2      | Found Garot's Assorted Antiques.
  3536 | D:3      | Reached XP level 4. HP: 24/24 MP: 4/11
  4385 | D:5      | Entered Level 5 of the Dungeon
  4532 | D:5      | Reached XP level 5. HP: 17/28 MP: 1/13
  5496 | D:4      | Found a blossoming altar of Fedhas.
  5772 | D:2      | Bought a runed robe for 77 gold pieces
  6155 | D:5      | Noticed a hornet
  6166 | D:5      | Succumbed to a hornet's poison

Illustrated notes

Levels and vault maps discovered:
D:1:      dpeg_arrival_morbid_curiosity, layout_loops_ring
D:2:      minmay_skewed_foursquare, layout_loops_corners, serial_shops, shop
D:3:      layout_basic, minmay_pentomino_pile
D:4:      layout_cave_pools, kennysheep_mini, wad_woods_river_04,
          columned_hall_lemuel
D:5:      nicolae_cairo_tiling, layout_layer_cave, serial_shops, shop,
          minmay_pentangle

Skill      XL: |  1  2  3  4  5 |
---------------+----------------+-----
Stealth        | 3 4 |  4.2
Dodging        | 3 4 |  4.0
Conjurations   | 2 3 |  3.0
Spellcasting   | 4 |  4.4
Fire Magic     | 4 |  4.3

Action                     |  1- 3 |  4- 6 || total
---------------------------+-------+-------++-------
  Melee: Unarmed           |     7 |     2 ||     9
         Punch             |     1 |       ||     1
   Cast: Foxfire           |   151 |   154 ||   305
         Scorch            |     4 |     5 ||     9
    Use: Scroll            |     1 |       ||     1
         Potion            |       |     2 ||     2
 Armour: Robe              |    15 |    18 ||    33
  Dodge: Dodged            |    11 |    17 ||    28
